 Dungeon Crawl Stone Soup version 0.28.0-53-g5a82cb258f (webtiles) character file.

Game seed: 3538834684848350855

1819484 maxonian the Sensei (level 27, 217/217 HPs)
             Began as a Demonspawn Ice Elementalist on May 30, 2022.
             Was the Champion of Makhleb.
             Escaped with the Orb
             ... and 4 runes on May 31, 2022!
             The game lasted 07:19:14 (110067 turns).

maxonian the Sensei (Demonspawn Ice Elementalist) Turns: 110067, Time: 07:19:14

Health: 217/217    AC: 15    Str: 13      XL:     27
Magic:  38/38      EV: 12    Int: 30      God:    Makhleb [******]
Gold:   900        SH: 17    Dex: 15 (16) Spells: 2/56 levels left

rFire   + + +      SeeInvis +   a - staff of conjuration
rCold   + + .      Faith    .   K - +5 kite shield
rNeg    + + .      Spirit   +   y - +2 robe {rC+ rF+}
rPois   +          Reflect  .   n - +2 helmet {SInv}
rElec   +          Harm     .   C - +2 cloak {rPois}
rCorr   .          Rampage  .   (gloves unavailable)
Will    ++...      Rage     1%  Z - +0 pair of boots "Kewked" {Fly SInv}
Stlth   +.........              o - amulet of magic regeneration
HPRegen 0.46/turn               U - ring "Pegidyet" {Drain rF++ rN+ Int+6}
MPRegen 0.92/turn               O - ring of Sutu {rC+ rN+ Slay+4}

@: flying, studying 3 skills
A: claws 3, thin metallic scales 3, powered by pain 3, augmentation 3, magic
shield, magic regeneration, magic link, thin skeletal structure 1, berserk 1,
deterioration 1, dopey 1, low MP 1, screaming 1, subdued magic 1
0: Orb of Zot
}: 4/15 runes: barnacled, slimy, silver, gossamer
a: Renounce Religion, Minor Destruction, Lesser Servant of Makhleb, Major
Destruction, Greater Servant of Makhleb


You escaped.
You worshipped Makhleb.
Makhleb was exalted by your worship.
You visited 12 branches of the dungeon, and saw 57 of its levels.
You visited 1 bazaar.
You also visited: Ossuary, Bailey and Ice Cave.

You collected 7892 gold pieces.
You spent 6992 gold pieces at shops.

Inventory:

Hand Weapons
 q - the +3 dagger "Xorugoos" {elec, rC+ Will+ Str+2 Dex+3}
   (You bought it in a shop on level 1 of the Orcish Mines)

   It occasionally discharges a powerful burst of electricity upon striking a
   foe.
   Str:       It affects your strength (+2).
   Dex:       It affects your dexterity (+3).
   rC:        It protects you from cold.
   Will:      It increases your willpower.
 T - the +8 fustibalus "Ikoruf" {freeze, +Blink rElec Int-5}
   (You took it off a vault warden on level 5 of the Vaults)

   Any ammunition fired from it freezes those it strikes, dealing additional
   cold damage.
   It can also slow down cold-blooded creatures.
   Int:       It affects your intelligence (-5).
   rElec:     It insulates you from electricity.
   +Blink:    It lets you blink.
Armour
 c - the +1 pair of boots of Ethereal Intercession {-Tele rC+ Int+8 Dex-5}
   (You found it on level 2 of the Spider Nest)

   Int:       It affects your intelligence (+8).
   Dex:       It affects your dexterity (-5).
   rC:        It protects you from cold.
   -Tele:     It prevents most forms of teleportation.
 n - a +2 helmet of see invisible (worn)
   (You found it on level 5 of the Vaults)
 v - the +1 helmet of Yryujita {-Tele Int+7 SInv}
   (You found it on level 3 of the Vaults)

   Int:       It affects your intelligence (+7).
   SInv:      It lets you see invisible.
   -Tele:     It prevents most forms of teleportation.
 y - a +2 robe of resistance (worn)
   (You took it off a deep elf high priest on level 5 of the Vaults)
 C - a +2 cloak of poison resistance (worn)
   (You found it on level 5 of the Pits of Slime)
 K - a +5 kite shield (worn)
   (You took it off an orc warlord on level 3 of the Vaults)
 Z - the +0 pair of boots "Kewked" (worn) {Fly SInv}
   (You found it on level 3 of the Elven Halls)

   SInv:      It lets you see invisible.
   Fly:       It grants you flight.
Magical Staves
 a - a staff of conjuration (weapon)
   (You found it on level 4 of the Shoals)
Jewellery
 b - the ring "Mucvipp" {Fly Dex+2}
   (You took it off a deep elf death mage on level 3 of the Elven Halls)

   [ring of flight]

   Dex:       It affects your dexterity (+2).
   Fly:       It grants you flight.
 l - a ring of resist corrosion
   (You took it off a vampire mage on level 2 of the Crypt)
 o - an amulet of magic regeneration (around neck)
   (You bought it in a shop on level 2 of the Orcish Mines)
 r - the amulet of the Manifold Eyes {rElec Regen+ rCorr Int+3}
   (You took it off a necromancer on level 3 of the Crypt)

   [amulet of regeneration]

   Int:       It affects your intelligence (+3).
   rElec:     It insulates you from electricity.
   Regen:     It increases your rate of health regeneration.
   rCorr:     It protects you from acid and corrosion.
 w - the ring "Zakkodaq" {rElec rPois Str+8 Int-5 Slay+2}
   (You found it on level 1 of the Vaults)

   [ring of poison resistance]

   Str:       It affects your strength (+8).
   Int:       It affects your intelligence (-5).
   Slay:      It affects your accuracy & damage with ranged weapons and melee
   (+2).
   rElec:     It insulates you from electricity.
   rPois:     It protects you from poison.
 A - a ring of protection from fire
   (You took it off a deep elf elementalist on level 3 of the Elven Halls)
 O - the ring of Sutu (right claw) {rC+ rN+ Slay+4}
   (You acquired it on level 5 of the Pits of Slime)

   [ring of slaying]

   Slay:      It affects your accuracy & damage with ranged weapons and melee
   (+4).
   rC:        It protects you from cold.
   rN:        It protects you from negative energy.
 P - the ring of Boletat {rPois rN+}
   (You found it on level 1 of the Depths)

   [ring of positive energy]

   rPois:     It protects you from poison.
   rN:        It protects you from negative energy.
 R - the ring of Fragile Peace {Contam rN+++ Will+ MP+9 Int-2}
   (You acquired it on level 2 of the Depths)

   [ring of willpower]

   Int:       It affects your intelligence (-2).
   rN:        It renders you almost immune to negative energy.
   MP:        It affects your magic capacity (+9).
   Contam:    It causes magical contamination when unequipped.
   Will:      It increases your willpower.
 U - the ring "Pegidyet" (left claw) {Drain rF++ rN+ Int+6}
   (You took it off a necromancer on level 3 of the Crypt)

   [ring of positive energy]

   Int:       It affects your intelligence (+6).
   rF:        It greatly protects you from fire.
   rN:        It protects you from negative energy.
   Drain:     It drains your maximum health when unequipped.
 Y - the ring "Mudoffoyc" {Will+ Slay+3}
   (You took it off a deep elf archer on level 3 of the Elven Halls)

   [ring of willpower]

   Slay:      It affects your accuracy & damage with ranged weapons and melee
   (+3).
   Will:      It increases your willpower.
Wands
 N - a wand of acid (33)
   (You found it on level 5 of the Dungeon)
 X - a wand of digging (7)
   (You found it on level 1 of the Lair of Beasts)
Scrolls
 d - 7 scrolls of blinking
 h - 18 scrolls of teleportation {@r4}
 j - 3 scrolls of magic mapping
 m - 9 scrolls of immolation
 p - 4 scrolls of amnesia
 D - 6 scrolls of enchant armour
 G - 9 scrolls of summoning
 Q - 8 scrolls of fear
 V - 12 scrolls of fog
Potions
 e - 4 potions of resistance
 f - 26 potions of curing {@q1}
 g - 7 potions of attraction
 i - 13 potions of brilliance
 k - 5 potions of heal wounds {@q2}
 u - a potion of mutation
 z - 3 potions of lignification
 B - 2 potions of haste {@q3}
 E - 8 potions of magic
 F - 5 potions of might
 H - a potion of invisibility
 I - 7 potions of ambrosia
 J - 5 potions of cancellation
 L - 7 potions of flight
 M - a potion of berserk rage
Miscellaneous
 s - a phantom mirror
   (You found it on level 4 of the Shoals)
 t - a box of beasts
   (You found it on level 2 of the Spider Nest)
 x - a condenser vane
   (You found it on level 4 of the Shoals)
 S - a piece from Xom's chessboard (15/15)
   (You found it on level 2 of the Depths)
 W - a phial of floods
   (You found it on level 3 of the Shoals)


   Skills:
 - Level 18.0 Fighting
 - Level 3.2 Armour
 - Level 3.5 Dodging
 - Level 3.0 Stealth
 - Level 11.2 Shields
 + Level 24.8 Unarmed Combat
 - Level 15.4 Spellcasting
 - Level 16.0 Conjurations
 - Level 12.0 Necromancy
 - Level 9.0 Translocations
 - Level 13.0 Transmutations
 - Level 11.5 Fire Magic
 - Level 6.3 Ice Magic
 - Level 14.0 Air Magic
 - Level 13.0 Earth Magic
 - Level 3.0 Poison Magic


You had 2 spell levels left.
You knew the following spells:

 Your Spells              Type           Power      Damage    Failure   Level
a - Iskenderun's Battles  Conj           100%       2d15      1%          5
b - Frozen Ramparts       Ice            100%       1d12      1%          3
c - Ozocubu's Armour      Ice            81%        N/A       1%          3
d - Irradiate             Conj/Tmut      68%        3d36      1%          5
e - Manifold Assault      Tloc           92%        N/A       2%          5
f - Orb of Destruction    Conj           70%        9d16      3%          7
g - Iron Shot             Conj/Erth      68%        9d13      1%          6
h - Freeze                Ice            100%       1d11      1%          1
i - Borgnjor's Vile Clut  Necr/Erth      52%        N/A       1%          5
j - Conjure Ball Lightni  Conj/Air       68%        3x3d25    1%          6
t - Statue Form           Tmut/Erth      71%        N/A       2%          6
K - Sublimation of Blood  Necr           100%       N/A       1%          2

Your spell library contained the following spells:

 Spells                   Type           Power      Damage    Failure   Level
 Animate Skeleton         Necr           100%       N/A       0%          1
 Beastly Appendage        Tmut           100%       N/A       0%          1
 Foxfire                  Conj/Fire      100%       2x1d9     0%          1
 Pain                     Necr           100%       1d9       0%          1
 Corpse Rot               Necr/Air       100%       N/A       0%          2
 Static Discharge         Conj/Air       100%       N/A       0%          2
 Wereblood                Tmut           100%       N/A       0%          2
 Apportation              Tloc           100%       N/A       1%          1
 Sting                    Tmut/Pois      100%       1d8       1%          1
 Blink                    Tloc           100%       N/A       1%          2
 Ensorcelled Hibernation  Hex/Ice        100%       N/A       1%          2
 Poisonous Vapours        Pois/Air       100%       N/A       1%          2
 Slow                     Hex            100%       N/A       3%          1
 Conjure Flame            Conj/Fire      100%       6-21      1%          3
 Dazzling Flash           Conj/Hex       100%       N/A       1%          3
 Gell's Gravitas          Tloc           92%        N/A       1%          3
 Ignite Poison            Fire/Tmut/Pois 93%        N/A       1%          3
 Inner Flame              Hex/Fire       78%        N/A       1%          3
 Lesser Beckoning         Tloc           92%        N/A       1%          3
 Mephitic Cloud           Conj/Pois/Air  100%       N/A       1%          3
 Spider Form              Tmut/Pois      88%        N/A       1%          3
 Swiftness                Air            100%       N/A       1%          3
 Teleport Other           Tloc           92%        N/A       1%          3
 Vampiric Draining        Necr           100%       2d13      1%          3
 Airstrike                Air            55%        N/A       1%          4
 Animate Dead             Necr           51%        N/A       1%          4
 Dispel Undead            Necr           100%       3d31      1%          4
 Flame Wave               Conj/Fire      100%       2d17      1%          4
 Fulminant Prism          Conj/Hex       55%        3d25      1%          4
 Hailstorm                Conj/Ice       100%       3d20      1%          4
 Ice Form                 Ice/Tmut       95%        N/A       1%          4
 Iskenderun's Mystic Bla  Conj/Tloc      100%       2d19      1%          4
 Passage of Golubria      Tloc           92%        N/A       1%          4
 Petrify                  Tmut/Erth      100%       N/A       1%          4
 Sticky Flame             Conj/Fire      100%       2d11      1%          4
 Summon Lightning Spire   Summ/Air       84%        N/A       1%          4
 Blade Hands              Tmut           53%        N/A       1%          5
 Fireball                 Conj/Fire      66%        3d25      1%          5
 Freezing Cloud           Conj/Ice/Air   63%        6-21      1%          5
 Lee's Rapid Deconstruct  Erth           53%        3d26*     1%          5
 Lightning Bolt           Conj/Air       68%        1d93      1%          5
 Anguish                  Hex/Necr       39%        N/A       2%          4
 Animate Armour           Summ/Erth      100%       N/A       2%          4
 Leda's Liquefaction      Hex/Erth       40%        N/A       2%          4
 Alistair's Intoxication  Tmut/Pois      58%        N/A       3%          5
 Death Channel            Necr           51%        N/A       3%          6
 Yara's Violent Unravell  Hex/Tmut       40%        3d16      7%          5
 Olgreb's Toxic Radiance  Pois           62%        N/A       10%         4
 Summon Ice Beast         Ice/Summ       63%        N/A       10%         4
 Confusing Touch          Hex            39%        N/A       11%         3
 Summon Guardian Golem    Hex/Summ       39%        N/A       11%         3
 Tukima's Dance           Hex            39%        N/A       11%         3
 Dispersal                Tloc           46%        N/A       13%         6
 Simulacrum               Ice/Necr       46%        N/A       13%         6
 Dragon Form              Tmut           53%        N/A       14%         7
 Summon Forest            Summ/Tloc      35%        N/A       16%         5
 Eringya's Noxious Bog    Tmut/Pois      44%        N/A       21%         6
 Metabolic Englaciation   Hex/Ice        31%        N/A       28%         5
 Summon Mana Viper        Hex/Summ       39%        N/A       71%         5
 Necromutation            Tmut/Necr      52%        N/A       83%         8
 Ozocubu's Refrigeration  Ice            40%        4d13      94%         7
 Haunt                    Necr/Summ      39%        N/A       96%         7
 Summon Cactus Giant      Summ           19%        N/A       99%         6
 Summon Hydra             Summ           19%        N/A       100%        7
 Disjunction              Tloc           46%        N/A       100%        8
 Summon Horrible Things   Summ           19%        N/A       100%        8
 Death's Door             Necr           51%        N/A       100%        9
 Dragon's Call            Summ           19%        N/A       100%        9
 Polar Vortex             Ice            40%        N/A       100%        9


Dungeon Overview and Level Annotations

Branches:
Dungeon (15/15)            Temple (1/1) D:4            Lair (6/6) D:8
 Shoals (4/4) Lair:3       Spider (4/4) Lair:4        Slime (5/5) Lair:6
    Orc (2/2) D:10            Elf (3/3) Orc:2        Vaults (5/5) D:13
  Crypt (3/3) Vaults:3       Tomb (0/3) Crypt:3      Depths (4/4) D:15
    Zot (5/5) Depths:4    Ossuary (visited)          Bailey (visited)
  IceCv (visited)

Altars:
Ashenzari
Cheibriados
Dithmenos
Elyvilon
Fedhas
Gozag
Hepliaklqana
Kikubaaqudgha
Makhleb
Nemelex Xobeh
Okawaru
Qazlal
Ru
Sif Muna
Trog
Uskayaw
Vehumet
Wu Jian
Xom
Yredelemnul
Zin
The Shining One
Beogh
Jiyva
Lugonu

Shops:
D:6 (   D:7 ((*   D:10 !   D:14 *   Orc:1 *   Orc:2 =?:*   Elf:2 ?
Shoals:3 *(*[*   Vaults:1 *   Vaults:3 ?:   Depths:2 [:*   Depths:4 [

Portals:
Hell: Depths:1 Depths:2 Depths:3 Depths:4
Abyss: Lair:6 Depths:1 Depths:3 Depths:4
Pandemonium: Depths:2 Depths:4
Ziggurat: Depths:1

Annotations:
D:3 1 runed translucent door, exclusion: door, Crazy Yiuf
D:13 Rupert
D:14 RUPERT
Elf:2 3 runed translucent doors
Vaults:4 FUCKING MENNAS, HOLY WRATH WEAP! STAY AWAY, Mennas


Innate Abilities, Weirdness & Mutations

You have claws for hands.
You are completely covered in thin metallic scales. (AC +4, rElec)
You are powered by pain.
Your magical and physical power is greatly enhanced at high health.
When hurt, damage is shared between your health and your magic reserves.
You regenerate magic rapidly.
When low on magic, you restore magic in place of health.
You have a somewhat thin skeletal structure. (Dex +2, Stealth+)
You tend to lose your temper in combat.
Your body sometimes deteriorates upon taking damage.
You are dopey. (Int -2)
Your magical capacity is low. (-10% MP)
You occasionally shout uncontrollably at your foes.
Your spells are a little easier to cast, but a little less powerful.


Message History

There is a stone staircase leading up here.
You fly upwards.
There is a stone staircase leading down here.
Your extra speed is starting to run out.
You feel yourself slow down.
There is a stone staircase leading up here.
You fly upwards.
The merfolk siren shouts!
You hear a shout!
You hear an angry hiss.
There is a stone staircase leading down here.
There is an open door here.
There is a stone staircase leading up, spattered with blood here.
You fly upwards.
There is a stone staircase leading down here.
There is an open door here.
A cacodemon comes into view.
There is a stone staircase leading up here.
You hear a grinding noise.
You fly upwards.
There is a stone staircase leading down here.
You feel yourself speed up.
(D) Dungeon (T) Temple (L) Lair (A) Shoals (N) Spider Nest (M) Slime Pits (O) Orcish Mines (E) Elven Halls (V) Vaults (C) Crypt (W) Tomb (U) Depths (H) Hell (Z) Zot
Where to? (Enter - D:1, ? - help)
There is an escape hatch in the ceiling here.
Things that are here:
a +0 robe; a +0 dagger
There is a stone staircase leading up here.
You fly upwards.
There is a stone staircase leading down here.
You see here a +0 whip.
You see here a +0 flail.
There is a stone staircase leading up here.
You fly upwards.
Level annotation: 1 runed translucent door, exclusion: door, Crazy Yiuf
There is a stone staircase leading down here.
There is a stone staircase leading up here.
You fly upwards.
There is a stone staircase leading down here.
There is a stone staircase leading up here.
You fly upwards.
There is a stone staircase leading down here.
Your extra speed is starting to run out.
You feel yourself slow down.
There is an open door here.
You reach down and open the door.
There is an open door here.
There is a staircase leading out of the dungeon here.
You have escaped!

....####.........##.#...#########
.#.## #.##########.##.## .#.#
#.'.≈≈.≈≈P##.#### .#.#
###...PP.≈##.###### .#.#
#≈..≈P≈≈##......# .#.#
#≈.....≈#######.# >..#
####P.P≈.#.# #.# ####
#..#.≈.P≈#.# #.# # #..'≈≈≈P≈#@#
#.# # #.################.# # #.#
#..............#
#######.###..##.##########
.............##.#
#######.........# ######.####
#########.# #.........#


There were no monsters in sight!

Vanquished Creatures
  the Royal Jelly (Slime:5)
  5 dread liches
  6 orbs of fire
  3 ancient liches (Zot:5)
  Mara (Elf:3)
  A juggernaut (Depths:2)
  Bai Suzhen (Elf:2)
  Frederick (Crypt:1)
  Margery (Vaults:5)
  5 Killer Klowns
  Xtahua (Crypt:2)
  The ghost of Ugguttuj the Peltast, a veteran DrWn of Okawaru (Vaults:3)
  9 caustic shrikes
  2 curse toes
  9 golden dragons
  Jory (Crypt:2)
  Arachne (Spider:3)
  16 tentacled monstrosities
  An iron giant (Depths:1)
  An electric golem (Zot:5)
  2 shard shrike skeletons
  4 liches
  25 Orb Guardians (Zot:5)
  A walking earthen tome (Depths:2)
  4 quicksilver dragons
  A walking frostbound tome (Depths:2)
  6 titans
  2 deep elf master archers (Elf:3)
  2 deep elf blademasters (Elf:3)
  Polyphemus (Shoals:3)
  A kraken (Shoals:1)
  19 acid blobs
  2 sphinxes
  10 death cobs
  Kirke (D:13)
  4 ancient champions
  17 storm dragons
  5 shadow dragons
  3 tengu reavers
  16 rockslimes
  8 draconian monks
  3 revenants
  7 fire giants
  An azure jelly (shapeshifter) (Vaults:5)
  5 azure jellies
  7 draconian knights
  3 orc warlords
  A ghost moth (Spider:3)
  Louise (Depths:1)
  4 curse skulls
  2 emperor scorpions
  17 vault wardens
  2 deep elf sorcerers (Elf:3)
  11 draconian scorchers
  3 caustic shrike zombies
  12 frost giants
  A balrug (Depths:1)
  3 iron dragons
  A ghoul (Crypt:1)
  4 deep elf elementalists (Elf:3)
  6 draconian stormcallers
  A juggernaut zombie (Crypt:3)
  16 quicksilver oozes
  8 ironbound thunderhulks
  5 war gargoyles
  2 caustic shrike skeletons (Crypt:3)
  12 very ugly things
  21 ironbound preservers
  7 draconian annihilators
  8 draconian shifters
  13 stone giants
  5 reapers
  2 vampire knights
  2 broodmothers (Spider:4)
  8 green draconians
  A dire elephant (shapeshifter) (Vaults:5)
  8 dire elephants
  3 entropy weavers
  18 black draconians
  10 deep elf demonologists
  Nessos (D:15)
  8 spark wasps
  10 purple draconians
  13 red draconians
  10 yellow draconians
  15 white draconians
  6 deep elf annihilators (Elf:3)
  Snorg (D:10)
  A crystal guardian (Vaults:1)
  11 ettins
  10 eidola
  13 deep elf death magi
  A blizzard demon (Depths:1)
  2 merfolk javelineers (Shoals:3)
  10 merfolk impalers
  5 jiangshi
  6 fire dragons
  A mummy priest (Crypt:3)
  12 yaktaur captains
  Fannar (Orc:1)
  2 peacekeepers
  6 deep elf high priests
  9 great orbs of eyes
  5 hydras
  11 boulder beetles
  2 rakshasas
  44 vault guards
  4 spriggan zombies
  3 ice dragons
  A hell beast (Depths:1)
  4 alligator snapping turtles
  4 jorogumos
  3 merfolk aquamancers
  A spriggan skeleton (Crypt:3)
  12 ironbound frosthearts
  A jorogumo (shapeshifter) (Elf:2)
  An ogre mage (Vaults:5)
  2 radroaches (Spider:4)
  4 merfolk avatars
  2 spriggan air magi (Depths:2)
  A death knight (Crypt:1)
  2 two-headed ogres (shapeshifter)
  A satyr (Shoals:4)
  5 two-headed ogres
  2 catoblepae
  11 dancing weapons
  9 death yaks
  2 tengu warriors
  A titan zombie (Crypt:3)
  9 orc high priests
  19 centaur warriors
  16 deep troll earth magi
  4 deep troll shamans
  7 vampire magi
  Urug (Lair:6)
  3 spriggan berserkers
  2 thrashing horrors (Lair:6)
  9 hell knights
  20 deep elf knights
  8 skeletal warriors
  Sonja (D:10)
  8 soul eaters
  2 shadow wraiths
  6 sun moths
  9 iron trolls
  A spark wasp zombie (Crypt:1)
  4 pharaoh ants
  5 steelbarb worms
  2 storm dragon skeletons
  16 orb spiders
  2 bog bodies (Crypt:1)
  A kraken simulacrum (Shoals:4)
  3 flayed ghosts
  A spriggan simulacrum (Crypt:1)
  77 deep trolls
  A bunyip zombie (Crypt:1)
  6 wizards
  13 sea snakes
  21 deep elf archers
  A tengu zombie (Vaults:4)
  4 glowing orange brains
  19 phantasmal warriors
  A shadow dragon zombie (Crypt:3)
  15 ironbound convokers
  An obsidian statue (Zot:5)
  22 orc knights
  29 harpies
  33 deep elf pyromancers
  7 lindwurms
  19 necromancers
  The ghost of Venard the Grave Robber, a novice DgWn (D:6)
  An anaconda skeleton (Crypt:3)
  An oklob plant (Shoals:4)
  29 wolf spiders
  An eleionoma zombie (Crypt:1)
  3 orc sorcerers
  9 cyclopes
  A mana viper (shapeshifter) (Vaults:5)
  28 deep elf zephyrmancers
  A salamander (shapeshifter) (Vaults:5)
  A manticore (shapeshifter) (Vaults:1)
  A shadow dragon skeleton (Crypt:3)
  36 ugly things
  8 shining eyes
  A salamander (D:15)
  2 stone giant zombies (Crypt:1)
  Maurice (Orc:1)
  A cyclops (shapeshifter) (Lair:6)
  11 manticores
  10 fauns
  An eleionoma skeleton (Crypt:2)
  24 moths of wrath
  9 elephants
  2 dire elephant zombies
  A sphinx skeleton (Crypt:1)
  An elephant (shapeshifter) (Vaults:5)
  A fire giant skeleton (Crypt:1)
  15 vault sentinels
  13 merfolk sirens
  2 naga zombies (Crypt:3)
  6 water nymphs
  4 gargoyles
  4 black mambas
  A water nymph (shapeshifter) (Vaults:1)
  9 cane toads
  4 eyes of devastation
  A yellow draconian zombie (Crypt:1)
  3 smoke demons (Lair:6)
  10 torpor snails
  8 komodo dragons
  8 rime drakes
  A rime drake (shapeshifter) (Vaults:5)
  A kobold demonologist (Bailey)
  4 tengu conjurers
  23 yaktaurs
  10 demonic crawlers
  An anaconda simulacrum (IceCv)
  2 ice devils (D:12)
  4 freezing wraiths
  15 hellwings
  An alligator snapping turtle skeleton (Crypt:1)
  4 harpy zombies
  3 ancient zymes (Lair:6)
  34 merfolk
  6 trolls
  2 hydra zombies
  3 large abominations (Lair:6)
  13 meliai
  A queen bee (shapeshifter) (D:15)
  30 tarantellas
  A troll (shapeshifter) (D:13)
  122 slime creatures
  Grinder (D:5)
  4 polar bears
  Prince Ribbit (D:5)
  9 wind drakes
  An ettin zombie (Crypt:3)
  An iron dragon simulacrum (Crypt:1)
  20 blink frogs
  7 dream sheep (Lair:4)
  17 snapping turtles
  A frost giant simulacrum (Vaults:4)
  A shadow (D:9)
  2 ynoxinuls (Lair:6)
  A culicivora (shapeshifter) (D:13)
  2 spriggans (Lair:6)
  31 jumping spiders
  2 wyverns
  A centaur simulacrum (D:15)
  16 wraiths
  3 fire elementals
  22 culicivoras
  3 air elementals
  A dire elephant simulacrum (IceCv)
  3 ushabtiu (Crypt:3)
  3 elf zombies
  12 water elementals
  35 yaks
  2 vampires
  A wyvern (shapeshifter) (Depths:2)
  3 hogs
  3 basilisks
  63 redbacks
  3 ettin skeletons
  5 steam dragons
  7 vampire mosquitoes
  2 harpy simulacra
  6 wargs
  A water moccasin (shapeshifter) (Vaults:5)
  3 floating eyes
  2 naga skeletons
  Duvessa (D:5)
  A floating eye (shapeshifter) (Elf:3)
  5 water moccasins
  An ice beast (D:6)
  2 sky beasts
  A swamp dragon zombie (Crypt:2)
  45 orc warriors
  10 necrophages
  4 wolves (Lair:4)
  3 centaurs
  8 ogres
  3 phantoms (D:10)
  2 kobold brigands
  10 bullfrogs
  2 gnoll sergeants (D:13)
  A naga simulacrum (Crypt:1)
  An elf skeleton (Crypt:1)
  A yaktaur skeleton (Crypt:1)
  3 scorpions
  8 earth elementals
  2 water moccasin zombies (Ossuary)
  9 small abominations (Lair:6)
  8 wyvern skeletons (Crypt:3)
  A palentonga skeleton (Crypt:2)
  Dowan (D:5)
  A warg skeleton (Crypt:2)
  A killer bee (shapeshifter) (Depths:2)
  2 troll zombies (D:10)
  An elephant simulacrum (IceCv)
  14 wights
  4 killer bees (D:9)
  3 howler monkeys
  7 electric eels
  A vampire bat (D:13)
  6 jellies
  An iron imp (D:13)
  2 bullfrog skeletons (D:6)
  10 centaur zombies
  A hound (D:5)
  5 centaur skeletons
  34 orc priests
  Terence (D:2)
  Ijyb (D:5)
  Natasha (D:2)
  21 orc wizards
  A wolf simulacrum (IceCv)
  4 ogre zombies (D:10)
  2 mummies (Ossuary)
  A howler monkey zombie (D:6)
  18 gnolls
  10 adders
  2 shadow imps
  A white imp (D:7)
  5 adder zombies
  2 adder skeletons (D:4)
  A worm (D:4)
  4 dart slugs
  77 orcs
  15 endoplasms
  2 giant cockroaches (D:4)
  5 gnoll zombies (Ossuary)
  8 goblins
  13 hobgoblins
  3 jackals (D:3)
  21 kobolds
  2 quokkas (D:1)
  7 ball pythons
  15 bats
  5 frilled lizards
  2 goblin zombies (D:10)
  3 hobgoblin skeletons
  8 hobgoblin zombies
  6 kobold zombies (Ossuary)
  5 orc skeletons (D:10)
  13 orc zombies
  A quokka skeleton (Crypt:2)
  6 rats
  5 tentacles (Shoals:1)
2544 creatures vanquished.

Vanquished Creatures (collateral kills)
  2 rockslimes (Lair:6)
  An emperor scorpion (Spider:3)
  A draconian shifter (Zot:1)
  A green draconian (Zot:1)
  3 steelbarb worms (Spider:3)
  A jumping spider (Spider:3)
  An endoplasm (Lair:6)
  60 ball lightnings
70 creatures vanquished.

Vanquished Creatures (others)
  A deep elf zephyrmancer (Elf:1)
  A manticore (Shoals:4)
  A water elemental (Elf:3)
  A wight (D:7)
  2269 ball lightnings
  19 fungi
  109 plants
  16 tentacles (Shoals:1)
  56 withered plants
2473 creatures vanquished.

Grand Total: 5087 creatures vanquished

Notes
Turn   | Place    | Note
-------+----------+-------------------------------------------
     0 | D:1      | maxonian the Demonspawn Ice Elementalist began the quest
                  | for the Orb.
     0 | D:1      | Reached XP level 1. HP: 13/13 MP: 3/3
   277 | D:1      | Gained mutation: You sometimes gain a little power by
                  | taking damage. [demonic ancestry]
   277 | D:1      | Reached XP level 2. HP: 15/20 MP: 1/5
   694 | D:1      | Reached skill level 1 in Fighting
   853 | D:1      | Found a faded altar of an unknown god.
  1245 | D:1      | Reached XP level 3. HP: 26/26 MP: 3/6
  1470 | D:1      | Learned a level 3 spell: Frozen Ramparts
  1856 | D:2      | Noticed Terence
  1864 | D:2      | Killed Terence
  1865 | D:2      | Gained mutation: You are partially covered in thin metallic
                  | scales. (AC +2) [demonic ancestry]
  1865 | D:2      | Reached XP level 4. HP: 28/32 MP: 1/8
  1966 | D:2      | You fall into a shaft and drop 1 floor!
  1970 | D:3      | Got the Almanac of Exhibitionism
  2172 | D:2      | Identified the +1 spear "Adeolowk" {speed, Str+4}
  2437 | D:2      | Noticed Natasha
  2518 | D:2      | Killed Natasha
  2693 | D:3      | Learned a level 3 spell: Ozocubu's Armour
  3147 | D:3      | Found a runed translucent door.
  3301 | D:3      | Noticed Crazy Yiuf
  3406 | D:3      | Gained mutation: You have sharp fingernails. [demonic
                  | ancestry]
  3406 | D:3      | Reached XP level 5. HP: 37/37 MP: 6/9
  4386 | D:4      | Found a staircase to the Ecumenical Temple.
  4407 | D:4      | Reached XP level 6. HP: 46/46 MP: 0/11
  4421 | Temple   | Entered the Ecumenical Temple
  4645 | Temple   | Became a worshipper of Makhleb the Destroyer
  4915 | D:4      | Learned a level 4 spell: Hailstorm
  5078 | D:4      | Reached skill level 5 in Ice Magic
  5640 | D:5      | Entered Level 5 of the Dungeon
  5653 | D:5      | Noticed Dowan
  5665 | D:5      | Noticed Duvessa
  5668 | D:5      | Noticed a sky beast
  5673 | D:5      | Killed Duvessa
  5675 | D:5      | Killed Dowan
  5676 | D:5      | Gained mutation: You regenerate magic rapidly. [demonic
                  | ancestry]
  5676 | D:5      | Reached XP level 7. HP: 52/52 MP: 10/13
  5975 | D:5      | Noticed Prince Ribbit
  6004 | D:5      | Found an iron altar of Okawaru.
  6014 | D:5      | Killed Prince Ribbit
  6167 | D:5      | Reached skill level 5 in Spellcasting
  6263 | D:5      | Noticed Grinder
  6306 | D:6      | Gained mutation: You sometimes gain power by taking damage.
                  | [demonic ancestry]
  6306 | D:6      | Reached XP level 8. HP: 61/61 MP: 15/15
  6559 | D:6      | Reached skill level 5 in Fighting
  6878 | D:6      | Learned a level 5 spell: Fireball
  7255 | D:6      | Found a runed translucent door.
  7255 | D:6      | Noticed Venard's ghost (novice DgWn)
  7267 | D:6      | Reached skill level 1 in Conjurations
  7267 | D:6      | Reached skill level 1 in Fire Magic
  7629 | D:6      | Found Moddew's Weapon Shoppe.
  7773 | D:7      | Found Fomam's Jewellery Boutique.
  8260 | D:7      | Found a sand-covered staircase.
  8269 | Ossuary  | Entered an ossuary
  8362 | Ossuary  | Reached * piety under Makhleb
  8827 | Ossuary  | Gained mutation: You are mostly covered in thin metallic
                  | scales. (AC +3) [demonic ancestry]
  8827 | Ossuary  | Reached XP level 9. HP: 56/69 MP: 6/17
  9158 | D:7      | Found Hytyo's Weapon Boutique.
  9546 | D:7      | Found Umotiv's Assorted Antiques.
  9628 | D:7      | Reached skill level 5 in Conjurations
  9662 | D:7      | Found a radiant altar of Vehumet.
  9684 | D:7      | Found Jukockim's Antique Weapon Shop.
  9751 | D:7      | Found a broken altar of Ashenzari.
  9755 | D:7      | Saw a vision of the Shoals and the Spider Nest.
  9755 | D:7      | Noticed a merfolk
  9755 | D:7      | Noticed a merfolk siren
  9755 | D:7      | Noticed a merfolk
  9755 | D:7      | Noticed a wind drake
  9755 | D:7      | Noticed a wind drake
  9755 | D:7      | Noticed a wolf spider
  9755 | D:7      | Noticed a merfolk
  9953 | D:7      | Noticed a cyclops
  9965 | D:7      | Killed a cyclops
 10434 | D:8      | Found a flagged portal.
 10467 | Bailey   | Entered a bailey
 10604 | Bailey   | Reached ** piety under Makhleb
 10964 | Bailey   | Noticed an orc knight
 11307 | Bailey   | Killed an orc knight
 11924 | Bailey   | Noticed an orc knight
 11948 | Bailey   | Noticed an orc sorcerer
 11950 | Bailey   | Noticed a hellwing
 11953 | Bailey   | Killed an orc knight
 11954 | Bailey   | Reached skill level 5 in Fire Magic
 11954 | Bailey   | Gained mutation: When hurt, damage is shared between your
                  | health and your magic reserves. [demonic ancestry]
 11954 | Bailey   | Reached XP level 10. HP: 49/80 MP: 15/18
 11954 | Bailey   | Noticed an orange demon
 11957 | Bailey   | Killed an orc sorcerer
 12055 | Bailey   | Acquired a staff of fire
 12722 | Bailey   | Found an iron altar of Okawaru.
 13064 | D:8      | Found an ornate altar of the Wu Jian Council.
 13737 | D:8      | Found a staircase to the Lair.
 14786 | D:5      | Acquired the Handbook of Feathers and Creation
 14792 | D:5      | Learned a level 3 spell: Mephitic Cloud
 14806 | D:5      | Paralysed by Grinder for 7 turns
 14815 | D:5      | Killed Grinder
 14815 | D:5      | Reached *** piety under Makhleb
 15087 | D:5      | Found a hazy altar of Hepliaklqana.
 15313 | D:5      | Noticed Ijyb
 15316 | D:5      | Killed Ijyb
 15849 | D:9      | Reached XP level 11. HP: 89/89 MP: 19/19
 16571 | D:10     | Entered Level 10 of the Dungeon
 16808 | D:10     | Noticed Sonja
 17061 | D:10     | Killed Sonja
 17133 | D:10     | Reached **** piety under Makhleb
 17326 | D:10     | Noticed Snorg
 17332 | D:10     | Killed Snorg
 17527 | D:10     | Found a staircase to the Orcish Mines.
 18488 | D:10     | Noticed a two-headed ogre
 18492 | D:10     | Killed a two-headed ogre
 18681 | D:10     | Found Gaddib's Distillery.
 18687 | D:10     | Learned a level 4 spell: Sticky Flame
 18702 | D:10     | Bought a potion of curing for 39 gold pieces
 18702 | D:10     | Bought 2 potions of curing for 78 gold pieces
 18702 | D:10     | Bought a potion of curing for 39 gold pieces
 18955 | D:7      | Bought the +0 mace of Dissent {venom, rPois} for 162 gold
                  | pieces
 19034 | Lair:1   | Entered Level 1 of the Lair of Beasts
 19203 | Lair:1   | Reached skill level 10 in Fighting
 20492 | Lair:2   | Reached skill level 1 in Armour
 20492 | Lair:2   | Reached XP level 12. HP: 98/98 MP: 4/24
 21827 | Lair:3   | Noticed Urug
 21827 | Lair:3   | Noticed a boulder beetle
 21841 | Lair:3   | Killed a boulder beetle
 21842 | Lair:3   | Reached skill level 1 in Air Magic
 21842 | Lair:3   | Reached skill level 1 in Poison Magic
 22347 | Lair:3   | Reached ***** piety under Makhleb
 23015 | Lair:3   | Found a staircase to the Shoals.
 23045 | Lair:3   | Noticed a boulder beetle
 23325 | Lair:4   | Noticed a death yak
 23325 | Lair:4   | Noticed a death yak
 23325 | Lair:4   | Noticed a death yak
 23325 | Lair:4   | Noticed a death yak
 23325 | Lair:4   | Noticed a death yak
 23342 | Lair:3   | Killed a death yak
 23343 | Lair:3   | Killed a death yak
 23861 | Lair:4   | Reached skill level 10 in Conjurations
 23876 | Lair:4   | Killed a death yak
 23951 | Lair:4   | Killed a death yak
 23985 | Lair:4   | Killed a death yak
 23986 | Lair:4   | Gained mutation: You have very sharp fingernails. [demonic
                  | ancestry]
 23986 | Lair:4   | Reached XP level 13. HP: 106/106 MP: 5/26
 24160 | Lair:4   | Reached skill level 10 in Fire Magic
 24679 | Lair:4   | Found a hole to the Spider Nest.
 25365 | Lair:5   | Learned a level 5 spell: Iskenderun's Battlesphere
 26199 | Lair:6   | Entered Level 6 of the Lair of Beasts
 26430 | Lair:6   | Noticed an azure jelly
 26436 | Lair:6   | Killed an azure jelly
 26437 | Lair:6   | Reached skill level 10 in Spellcasting
 26683 | Lair:6   | Killed Urug
 26748 | Lair:6   | Noticed a rockslime
 27002 | D:11     | Reached ****** piety under Makhleb
 28382 | D:11     | Learned a level 5 spell: Borgnjor's Vile Clutch
 28389 | D:12     | Reached skill level 1 in Necromancy
 28394 | D:12     | Reached skill level 1 in Earth Magic
 28394 | D:12     | Reached XP level 14. HP: 113/113 MP: 5/28
 28517 | D:12     | Found a shimmering blue altar of Sif Muna.
 28609 | D:12     | Found a frozen archway.
 28622 | IceCv    | Entered an ice cave
 28687 | IceCv    | Found a transporter.
 28705 | IceCv    | Found a transporter.
 30101 | D:13     | Reached skill level 5 in Necromancy
 30287 | D:13     | Found a gate to the Vaults.
 30555 | D:13     | Reached skill level 5 in Earth Magic
 31395 | D:13     | Found a snail-covered altar of Cheibriados.
 31840 | D:14     | Noticed Rupert
 32499 | D:14     | Paralysed by a great orb of eyes for 7 turns
 32594 | D:14     | Noticed Kirke
 32950 | D:13     | Killed Kirke
 33436 | D:14     | Reached XP level 15. HP: 118/118 MP: 19/29
 33797 | D:14     | Found Savvarr's General Store.
 33843 | D:14     | Bought a scroll of identify for 30 gold pieces
 33843 | D:14     | Bought a scroll of identify for 30 gold pieces
 34148 | D:15     | Entered Level 15 of the Dungeon
 34154 | D:15     | Noticed Nessos
 34415 | Shoals:1 | Entered Level 1 of the Shoals
 34415 | Shoals:1 | Found the +7 great mace "Firestarter" {inner flame, rF++}
 34493 | Shoals:1 | Reached skill level 10 in Necromancy
 35234 | Shoals:1 | Noticed a kraken
 35632 | Shoals:1 | Killed a kraken
 37170 | Shoals:2 | Reached skill level 10 in Earth Magic
 37452 | D:14     | Bought a staff of air for 375 gold pieces
 37729 | Shoals:3 | Found Pikkiame's General Store.
 38483 | Shoals:3 | Bought a scroll of identify for 40 gold pieces
 38677 | Shoals:3 | Found Qyh Noip's Visitors' Centre.
 38677 | Shoals:3 | Found Qyh Noip's Merfolk Weapons.
 38682 | Shoals:3 | Found Qyh Noip's Merfolk Magic.
 38682 | Shoals:3 | Found Qyh Noip's Merfolk Armours.
 39197 | Shoals:3 | Reached XP level 16. HP: 127/127 MP: 5/31
 39297 | Shoals:3 | Noticed Polyphemus
 39602 | Shoals:3 | Killed Polyphemus
 40256 | Shoals:4 | Entered Level 4 of the Shoals
 42068 | Shoals:4 | Reached skill level 5 in Air Magic
 42112 | Shoals:4 | Learned a level 6 spell: Conjure Ball Lightning
 42454 | Shoals:4 | Found a stormy altar of Qazlal.
 42665 | Shoals:4 | Got a barnacled rune of Zot
 44229 | Lair:6   | Found a viscous altar of Jiyva.
 44230 | Lair:6   | Found a staircase to the Slime Pits.
 45080 | D:15     | Killed Nessos
 45490 | D:15     | Gained mutation: You are completely covered in thin
                  | metallic scales. (AC +4, rElec) [demonic ancestry]
 45490 | D:15     | Reached XP level 17. HP: 115/135 MP: 16/33
 45828 | D:15     | Found a staircase to the Depths.
 46456 | D:6      | Killed Venard's ghost
 47024 | Spider:1 | Entered Level 1 of the Spider Nest
 47030 | Spider:1 | Reached skill level 10 in Air Magic
 47703 | Spider:1 | Identified the +6 trident of Oliegg {flame, Dex+5}
 48987 | Spider:2 | Found a transporter.
 48989 | Spider:2 | Found a transporter.
 50381 | Spider:4 | Entered Level 4 of the Spider Nest
 50767 | Spider:4 | Gained mutation: Your magical and physical power is
                  | slightly enhanced at high health. [demonic ancestry]
 50767 | Spider:4 | Reached XP level 18. HP: 139/141 MP: 35/35
 51018 | Spider:4 | Noticed Arachne
 51263 | Spider:3 | Killed Arachne
 52239 | Spider:4 | Got a gossamer rune of Zot
 53670 | Orc:1    | Entered Level 1 of the Orcish Mines
 53679 | Orc:1    | Noticed Fannar
 53685 | Orc:1    | Killed Fannar
 54075 | Orc:1    | Noticed Maurice
 54084 | Orc:1    | Killed Maurice
 54308 | Orc:2    | Entered Level 2 of the Orcish Mines
 54498 | Orc:2    | Found a staircase to the Elven Halls.
 55654 | Orc:2    | Found Ditees's General Store.
 55657 | Orc:2    | Found Baomin's Book Boutique.
 55659 | Orc:2    | Found Okuevi's Magic Scroll Shop.
 55660 | Orc:2    | Found Vociur's Jewellery Boutique.
 55671 | Orc:2    | Bought a potion of heal wounds for 60 gold pieces
 55671 | Orc:2    | Bought a scroll of identify for 24 gold pieces
 55675 | Orc:2    | Bought a scroll of blinking for 112 gold pieces
 55675 | Orc:2    | Bought a scroll of teleportation for 45 gold pieces
 55675 | Orc:2    | Bought a scroll of fog for 30 gold pieces
 55675 | Orc:2    | Bought a scroll of identify for 30 gold pieces
 55677 | Orc:2    | Bought an amulet of magic regeneration for 420 gold pieces
 55693 | Orc:2    | Bought a book of Blasting for 480 gold pieces
 55701 | Orc:2    | Learned a level 6 spell: Statue Form
 55921 | Vaults:1 | Entered Level 1 of the Vaults
 55926 | Vaults:1 | Reached skill level 1 in Transmutations
 57182 | Vaults:1 | Found a huge runed gate.
 57182 | Vaults:1 | Found a huge runed gate.
 57182 | Vaults:1 | Found a huge runed gate.
 57182 | Vaults:1 | Found a huge runed gate.
 57182 | Vaults:1 | Found a huge runed gate.
 57182 | Vaults:1 | Found a huge runed gate.
 57182 | Vaults:1 | Found a huge runed gate.
 57182 | Vaults:1 | Found a huge runed gate.
 57303 | Vaults:1 | Found a huge runed gate.
 57304 | Vaults:1 | Found a huge runed gate.
 57313 | Vaults:1 | Found a huge runed gate.
 57313 | Vaults:1 | Found a huge runed gate.
 57313 | Vaults:1 | Found a huge runed gate.
 57313 | Vaults:1 | Found a huge runed gate.
 57313 | Vaults:1 | Found a huge runed gate.
 57313 | Vaults:1 | Found a huge runed gate.
 57353 | Vaults:1 | Found a huge runed gate.
 57354 | Vaults:1 | Found a huge runed gate.
 57355 | Vaults:1 | Found a huge runed gate.
 57363 | Vaults:1 | Found a huge runed gate.
 57363 | Vaults:1 | Found a huge runed gate.
 57363 | Vaults:1 | Found a huge runed gate.
 57363 | Vaults:1 | Found a huge runed gate.
 57363 | Vaults:1 | Found a huge runed gate.
 57363 | Vaults:1 | Found a huge runed gate.
 57364 | Vaults:1 | Found a huge runed gate.
 57365 | Vaults:1 | Found a huge runed gate.
 57366 | Vaults:1 | Found a huge runed gate.
 57374 | Vaults:1 | Found a huge runed gate.
 57374 | Vaults:1 | Found a huge runed gate.
 57374 | Vaults:1 | Found a huge runed gate.
 57374 | Vaults:1 | Found a huge runed gate.
 57374 | Vaults:1 | Found a huge runed gate.
 58438 | Orc:1    | Found Ugruynn's Assorted Antiques.
 58455 | Orc:1    | Bought a polished dagger for 224 gold pieces
 58455 | Orc:1    | Identified the +3 dagger "Xorugoos" {elec, rC+ Will+ Str+2
                  | Dex+3} (You bought it in a shop on level 1 of the Orcish
                  | Mines)
 58759 | Shoals:3 | Bought a +0 robe of fire resistance for 92 gold pieces
 59038 | Elf:1    | Entered Level 1 of the Elven Halls
 59139 | Elf:1    | Gained mutation: You have claws for hands. [demonic
                  | ancestry]
 59139 | Elf:1    | Reached XP level 19. HP: 132/147 MP: 21/37
 59457 | Orc:2    | Learned a level 6 spell: Iron Shot
 59713 | Vaults:1 | Reached skill level 5 in Transmutations
 59910 | Vaults:1 | Reached skill level 15 in Spellcasting
 60074 | Vaults:1 | Found Juinlof's General Store.
 60080 | Vaults:1 | Bought a potion of heal wounds for 80 gold pieces
 60092 | Vaults:1 | Identified the ring "Zakkodaq" {rElec rPois Str+8 Int-5
                  | Slay+2}
 60401 | Vaults:1 | Found a huge runed gate.
 60401 | Vaults:1 | Found a huge runed gate.
 60402 | Vaults:1 | Found a huge runed gate.
 62941 | Vaults:3 | Reached skill level 10 in Transmutations
 63649 | Vaults:3 | Identified the +1 leather armour of Good Intentions {Harm
                  | rPois rC- Stlth+}
 63737 | Vaults:3 | Found Koid's Magic Scroll Shoppe.
 63745 | Vaults:3 | Bought a scroll of teleportation for 39 gold pieces
 63745 | Vaults:3 | Bought a scroll of identify for 26 gold pieces
 63745 | Vaults:3 | Bought 3 scrolls of summoning for 370 gold pieces
 63745 | Vaults:3 | Bought a scroll of teleportation for 39 gold pieces
 63745 | Vaults:3 | Bought a scroll of magic mapping for 45 gold pieces
 63745 | Vaults:3 | Bought a scroll of identify for 26 gold pieces
 63745 | Vaults:3 | Bought a scroll of teleportation for 39 gold pieces
 63980 | Vaults:3 | Found Gayckodo's Book Shop.
 64450 | Vaults:3 | Noticed Ugguttuj's ghost (veteran DrWn)
 64450 | Vaults:3 | Identified the +1 chain mail of Bogeope {rN+ Str-2 Int+4}
 64451 | Vaults:3 | Found a runed translucent gate.
 64451 | Vaults:3 | Found a runed translucent gate.
 64451 | Vaults:3 | Found a runed translucent gate.
 64619 | Vaults:3 | Found a staircase to the Crypt.
 65082 | Vaults:4 | Noticed Mennas
 65727 | Elf:1    | Reached XP level 20. HP: 154/154 MP: 6/39
 67231 | Elf:2    | Paralysed by an air elemental for 1 turns
 67242 | Elf:2    | Reached skill level 1 in Shields
 67305 | Elf:2    | Found the +6 lightning scales {swift, rElec}
 67386 | Elf:2    | Found a runed translucent gate.
 67413 | Elf:2    | Found Ufyallar's Magic Scroll Boutique.
 67429 | Elf:2    | Bought a scroll of magic mapping for 38 gold pieces
 67429 | Elf:2    | Bought a scroll of magic mapping for 38 gold pieces
 67429 | Elf:2    | Bought a scroll of teleportation for 33 gold pieces
 67643 | Elf:1    | Found an ancient bone altar of Kikubaaqudgha.
 67840 | Elf:2    | Found a runed translucent gate.
 67840 | Elf:2    | Found a runed translucent gate.
 67891 | Elf:3    | Entered Level 3 of the Elven Halls
 68081 | Elf:3    | Noticed Bai Suzhen
 68121 | Elf:2    | Killed Bai Suzhen
 68179 | Elf:3    | Found a flickering gateway to a bazaar.
 68200 | Bazaar   | Entered a bazaar
 68200 | Bazaar   | Found Cetsi's General Store.
 68200 | Bazaar   | Found Ginaen's Antique Weapon Shoppe.
 68218 | Bazaar   | Found Xittaab's Book Boutique.
 68242 | Bazaar   | Found Weci's Distillery.
 68264 | Bazaar   | Found Cyurr's Antique Armour Emporium.
 68297 | Bazaar   | Bought a scroll of identify for 16 gold pieces
 68297 | Bazaar   | Bought a scroll of blinking for 60 gold pieces
 68297 | Bazaar   | Bought a scroll of magic mapping for 28 gold pieces
 68310 | Bazaar   | Bought a book of Blood for 420 gold pieces
 68327 | Bazaar   | Bought a potion of brilliance for 32 gold pieces
 68327 | Bazaar   | Bought a potion of curing for 24 gold pieces
 68327 | Bazaar   | Bought a potion of magic for 64 gold pieces
 68327 | Bazaar   | Bought a potion of brilliance for 32 gold pieces
 68327 | Bazaar   | Bought a potion of heal wounds for 40 gold pieces
 68361 | Elf:3    | Learned a level 2 spell: Sublimation of Blood
 68493 | Elf:3    | Paralysed by an air elemental for 1 turns
 68831 | Elf:3    | Identified the ring "Mucvipp" {Fly Dex+2}
 69712 | Elf:3    | Identified the ring "Mudoffoyc" {Will+ Slay+3}
 70019 | Elf:3    | Identified the +7 whip "Nutozoi" {vorpal, rN++}
 70245 | Elf:3    | Identified the amulet "Ahacaow" {Acrobat Rampage Dex+2}
 70252 | Elf:3    | Identified the +2 storm dragon scales of a wizard's
                  | laboratory {rElec Will- Regen+ MP+9 Dex+8}
 70346 | Elf:3    | Identified the +7 falchion "Xivoim" {drain, Int+2}
 70554 | Elf:3    | Reached skill level 5 in Shields
 70584 | Elf:3    | Reached skill level 1 in Unarmed Combat
 70630 | Elf:3    | Noticed Mara
 70634 | Elf:3    | Killed Mara
 71000 | Elf:3    | Identified the +4 whip "Neri" {protect, rN+ Will- Str+2
                  | Stlth+}
 71387 | Elf:3    | Identified the amulet of Wu Jian's Grace {Acrobat *Slow
                  | Str+5 Int+5}
 71575 | Elf:3    | Identified the +6 trident of Eternal Vigilance {vorpal, rF+
                  | MP+9}
 71846 | Elf:3    | Got the Catalogue of Entrancing Creation
 71856 | Elf:3    | Identified the +0 pair of boots "Kewked" {Fly SInv}
 72626 | Lair:6   | Gained mutation: You are powered by pain. [demonic
                  | ancestry]
 72626 | Lair:6   | Reached XP level 21. HP: 155/162 MP: 25/40
 73365 | Lair:6   | Found a corrupted altar of Lugonu.
 73365 | Lair:6   | Found a one-way gate to the infinite horrors of the Abyss.
 73681 | Spider:2 | Got the +1 pair of boots of Ethereal Intercession {-Tele
                  | rC+ Int+8 Dex-5}
 73708 | Spider:2 | Learned a level 5 spell: Irradiate
 73714 | Spider:2 | Learned a level 5 spell: Manifold Assault
 74055 | Depths:1 | Entered Level 1 of the Depths
 74060 | Depths:1 | Reached skill level 1 in Translocations
 75274 | Depths:1 | Identified the +3 great mace of Coiwibee {vamp, rC+ Will++
                  | Dex+6}
 75305 | Depths:1 | Reached skill level 5 in Translocations
 75516 | Depths:1 | Found a one-way gateway to a ziggurat.
 75655 | Depths:1 | Found a gateway to Hell.
 75818 | Depths:1 | Identified the ring of Boletat {rPois rN+}
 75841 | Depths:1 | Noticed Louise
 75842 | Depths:1 | Killed Louise
 76712 | Depths:2 | Found Ahyvob's Armour Emporium.
 76866 | Depths:2 | Reached skill level 2 in Unarmed Combat
 77027 | Depths:2 | Found Qaser's Assorted Antiques.
 77027 | Depths:2 | Found Fofuno's Book Shoppe.
 77037 | Depths:2 | Bought an ancient robe for 245 gold pieces
 77037 | Depths:2 | Identified the +1 robe of the Gravedigger {rF+ Int+2 SInv}
                  | (You bought it in a shop on level 2 of the Depths)
 77174 | Depths:2 | Found a one-way gate leading to the halls of Pandemonium.
 77500 | Depths:2 | Reached skill level 3 in Unarmed Combat
 77508 | Depths:2 | Noticed a golden dragon
 77519 | Depths:2 | Killed a golden dragon
 77561 | Depths:2 | Reached skill level 4 in Unarmed Combat
 77850 | Depths:2 | Reached skill level 5 in Unarmed Combat
 78089 | Depths:2 | Identified the amulet "Gehimu" {-Tele Will+ Regen+ Str+3}
 78172 | Depths:2 | Noticed a juggernaut
 78181 | Depths:2 | Killed a juggernaut
 78182 | Depths:2 | Reached skill level 6 in Unarmed Combat
 78335 | Depths:2 | Identified the +1 robe "Gaxka Pint" {Contam rN+ Will+
                  | Str+7}
 78500 | Depths:2 | Identified the +0 robe of Zoghag {Will+}
 78747 | Depths:2 | Noticed a caustic shrike
 78749 | Depths:2 | Killed a caustic shrike
 78817 | Depths:2 | Reached skill level 7 in Unarmed Combat
 79032 | Depths:2 | Reached XP level 22. HP: 157/164 MP: 34/41
 79828 | Depths:3 | You fall into a shaft and drop 1 floor!
 79828 | Depths:4 | Entered Level 4 of the Depths
 79831 | Depths:4 | Reached skill level 8 in Unarmed Combat
 79844 | Depths:4 | Noticed a caustic shrike
 79847 | Depths:4 | Noticed a caustic shrike
 79848 | Depths:4 | Killed a caustic shrike
 79881 | Depths:4 | Noticed a caustic shrike
 79881 | Depths:4 | Noticed a caustic shrike
 79882 | Depths:4 | Noticed a caustic shrike
 79883 | Depths:4 | Noticed a caustic shrike
 79889 | Depths:3 | Killed a caustic shrike
 80653 | Depths:3 | Reached skill level 9 in Unarmed Combat
 81328 | Depths:4 | Killed a caustic shrike
 81330 | Depths:4 | Killed a caustic shrike
 81331 | Depths:4 | Reached skill level 10 in Unarmed Combat
 81336 | Depths:4 | Killed a caustic shrike
 81536 | Depths:4 | Noticed a caustic shrike
 81538 | Depths:4 | Noticed a caustic shrike
 81539 | Depths:4 | Killed a caustic shrike
 81539 | Depths:4 | Killed a caustic shrike
 81541 | Depths:4 | Killed a caustic shrike
 81563 | Depths:4 | Reached skill level 11 in Unarmed Combat
 81854 | Depths:4 | Noticed a golden dragon
 81864 | Depths:4 | Killed a golden dragon
 81971 | Depths:4 | Found a gate to the Realm of Zot.
 81971 | Depths:4 | Noticed a golden dragon
 81971 | Depths:4 | Noticed a golden dragon
 81992 | Depths:4 | Killed a golden dragon
 81995 | Depths:4 | Killed a golden dragon
 82141 | Depths:4 | Reached skill level 12 in Unarmed Combat
 82915 | Depths:4 | Found Besonn's Armour Boutique.
 83241 | Vaults:1 | Reached skill level 13 in Unarmed Combat
 84139 | Vaults:3 | Killed Ugguttuj's ghost
 84399 | Vaults:3 | Identified the +1 helmet of Yryujita {-Tele Int+7 SInv}
 84772 | Vaults:4 | Reached skill level 14 in Unarmed Combat
 84986 | Vaults:4 | Gained mutation: Your magical and physical power is
                  | enhanced at high health. [demonic ancestry]
 84986 | Vaults:4 | Reached XP level 23. HP: 149/177 MP: 35/42
 85636 | Vaults:5 | Entered Level 5 of the Vaults
 85639 | Vaults:5 | Reached skill level 15 in Unarmed Combat
 85996 | Vaults:5 | Noticed a dread lich
 86039 | Vaults:5 | Reached skill level 16 in Unarmed Combat
 86090 | Vaults:5 | Reached skill level 17 in Unarmed Combat
 86103 | Vaults:5 | Killed a dread lich
 86558 | Vaults:5 | Reached skill level 18 in Unarmed Combat
 86631 | Vaults:5 | Identified the +8 fustibalus "Ikoruf" {freeze, +Blink rElec
                  | Int-5}
 86760 | Vaults:5 | Noticed Margery
 86775 | Vaults:5 | Killed Margery
 87061 | Vaults:5 | Reached XP level 24. HP: 184/184 MP: 35/42
 87156 | Vaults:5 | Got a silver rune of Zot
 88205 | Vaults:4 | Reached skill level 19 in Unarmed Combat
 89284 | Crypt:1  | Entered Level 1 of the Crypt
 89512 | Crypt:1  | Noticed Frederick
 89517 | Crypt:1  | Killed Frederick
 90292 | Crypt:1  | Reached skill level 20 in Unarmed Combat
 91631 | Crypt:2  | Identified the +0 pair of gloves of Sif Muna's Benevolence
                  | {Will+ Int+4 Dex+3}
 91665 | Crypt:2  | Noticed Xtahua
 91671 | Crypt:2  | Killed Xtahua
 92028 | Crypt:2  | Reached skill level 15 in Fighting
 92074 | Crypt:2  | Noticed Jory
 92078 | Crypt:2  | Killed Jory
 92467 | Crypt:2  | Found an ancient bone altar of Kikubaaqudgha.
 92562 | Crypt:3  | Entered Level 3 of the Crypt
 93301 | Crypt:3  | Identified the +1 pair of gloves "Gufasch" {Fly rCorr}
 94228 | Crypt:3  | Identified the ring "Pegidyet" {Drain rF++ rN+ Int+6}
 94325 | Crypt:3  | Found an ancient bone altar of Kikubaaqudgha.
 94454 | Crypt:3  | Noticed a dread lich
 94456 | Crypt:3  | Paralysed by a dread lich for 2 turns
 94459 | Crypt:3  | Killed a dread lich
 94532 | Crypt:3  | Identified the ring of Pakka {rC+ rN+}
 94564 | Crypt:3  | Got the Reference Book on Unholy Rituals
 94605 | Crypt:3  | Identified the amulet of the Manifold Eyes {rElec Regen+
                  | rCorr Int+3}
 94996 | Crypt:3  | Found a staircase to the Tomb.
 96161 | Crypt:3  | Reached skill level 10 in Shields
 96222 | Crypt:3  | Reached XP level 25. HP: 195/195 MP: 27/42
 96237 | Crypt:3  | Identified the +10 falchion of Experimentation {venom,
                  | rPois Stlth+}
 96261 | Crypt:3  | Learned a level 7 spell: Orb of Destruction
 96785 | Slime:1  | Entered Level 1 of the Pits of Slime
 96836 | Slime:2  | Gained mutation: Your spells are a little easier to cast,
                  | but a little less powerful. [a shining eye]
 96838 | Slime:2  | Gained mutation: You are frail. (-10% HP) [a shining eye]
 96880 | Slime:2  | Gained mutation: Armour fits poorly on your strangely
                  | shaped body. [a shining eye]
 96881 | Slime:2  | Gained mutation: You sometimes lose the ability to read
                  | scrolls when taking damage. [a shining eye]
 97157 | Slime:3  | Gained mutation: You are very frail. (-20% HP) [a shining
                  | eye]
 97159 | Slime:3  | Gained mutation: You are extremely frail. (-30% HP) [a
                  | shining eye]
 97296 | Slime:3  | Lost mutation: You sometimes lose the ability to read
                  | scrolls when taking damage. [potion of mutation]
 97296 | Slime:3  | Lost mutation: You are extremely frail. (-30% HP) [potion
                  | of mutation]
 97296 | Slime:3  | Lost mutation: You are very frail. (-20% HP) [potion of
                  | mutation]
 97296 | Slime:3  | Gained mutation: Potions are less effective at restoring
                  | your health. [potion of mutation]
 97297 | Slime:3  | Lost mutation: Your spells are a little easier to cast, but
                  | a little less powerful. [potion of mutation]
 97297 | Slime:3  | Lost mutation: Armour fits poorly on your strangely shaped
                  | body. [potion of mutation]
 97297 | Slime:3  | Lost mutation: You are frail. (-10% HP) [potion of
                  | mutation]
 97297 | Slime:3  | Gained mutation: Your mind is acute. (Int +2) [potion of
                  | mutation]
 97297 | Slime:3  | Gained mutation: Your body sometimes deteriorates upon
                  | taking damage. [potion of mutation]
 97297 | Slime:3  | Gained mutation: You have a somewhat thin skeletal
                  | structure. (Dex +2, Stealth+) [potion of mutation]
 97297 | Slime:3  | Gained mutation: You are covered in fur. (AC +1) [potion of
                  | mutation]
 97669 | Slime:5  | Entered Level 5 of the Pits of Slime
 97691 | Slime:5  | Noticed the Royal Jelly
 97698 | Slime:5  | Killed the Royal Jelly
 97699 | Slime:5  | Reached skill level 15 in Conjurations
 98351 | Slime:5  | Gained mutation: Your spells are a little easier to cast,
                  | but a little less powerful. [a shining eye]
 98556 | Slime:5  | Acquired the ring of Sutu {rC+ rN+ Slay+4}
 98613 | Slime:5  | Got a slimy rune of Zot
 98643 | Slime:5  | Identified the +4 plate armour of Nyirodeo {Int+2}
 99320 | Orc:1    | Bought a scroll of enchant armour for 240 gold pieces
 99320 | Orc:1    | Bought a potion of haste for 320 gold pieces
 99939 | Vaults:1 | Bought a scroll of summoning for 152 gold pieces
100114 | Depths:2 | Bought a scroll of acquirement for 2236 gold pieces
100114 | Depths:2 | Acquired the ring of Fragile Peace {Contam rN+++ Will+ MP+9
                  | Int-2}
100173 | Zot:1    | Entered Level 1 of the Realm of Zot
100948 | Zot:1    | Noticed an orb of fire
100973 | Zot:1    | Gained mutation: You occasionally shout uncontrollably at
                  | your foes. [an orb of fire]
100978 | Zot:1    | Killed an orb of fire
101226 | Zot:1    | Lost mutation: You are covered in fur. (AC +1) [potion of
                  | mutation]
101226 | Zot:1    | Lost mutation: Potions are less effective at restoring your
                  | health. [potion of mutation]
101936 | Zot:2    | Noticed a Killer Klown
101943 | Zot:2    | Killed a Killer Klown
102558 | Zot:4    | Gained mutation: Your magical and physical power is greatly
                  | enhanced at high health. [demonic ancestry]
102558 | Zot:4    | Reached XP level 26. HP: 211/211 MP: 13/42
102888 | Zot:4    | Reached skill level 21 in Unarmed Combat
103326 | Zot:5    | Entered Level 5 of the Realm of Zot
104554 | Zot:5    | Noticed an ancient lich
104576 | Zot:5    | Killed an ancient lich
104938 | Zot:5    | Reached skill level 22 in Unarmed Combat
105350 | Zot:4    | Noticed an orb of fire
107601 | Zot:4    | Lost mutation: Your mind is acute. (Int +2) [an orb of
                  | fire]
107606 | Zot:4    | Killed an orb of fire
107841 | Zot:5    | Noticed an orb of fire
107842 | Zot:5    | Noticed an orb of fire
107844 | Zot:5    | Noticed an orb of fire
107845 | Zot:5    | Gained mutation: Your magical capacity is low. (-10% MP)
                  | [an orb of fire]
107846 | Zot:5    | Reached skill level 23 in Unarmed Combat
107846 | Zot:5    | Killed an orb of fire
107846 | Zot:5    | Gained mutation: You tend to lose your temper in combat.
                  | [an orb of fire]
107846 | Zot:5    | Gained mutation: You are dopey. (Int -2) [an orb of fire]
107846 | Zot:5    | Noticed an orb of fire
107848 | Zot:5    | Killed an orb of fire
107849 | Zot:5    | Killed an orb of fire
107851 | Zot:5    | Killed an orb of fire
107868 | Zot:5    | Noticed a dread lich
107872 | Zot:5    | Killed a dread lich
107879 | Zot:5    | Noticed an ancient lich
107888 | Zot:5    | Killed an ancient lich
107930 | Zot:5    | Noticed a dread lich
107935 | Zot:5    | Killed a dread lich
108005 | Zot:5    | Noticed an ancient lich
108009 | Zot:5    | Killed an ancient lich
108010 | Zot:5    | Gained mutation: When low on magic, you restore magic in
                  | place of health. [demonic ancestry]
108010 | Zot:5    | Reached XP level 27. HP: 217/217 MP: 20/38
108016 | Zot:5    | Reached skill level 24 in Unarmed Combat
109424 | Zot:5    | Noticed a dread lich
109428 | Zot:5    | Killed a dread lich
109604 | Zot:5    | Got the Orb of Zot
109686 | Zot:1    | Noticed Vifrog the pandemonium lord
110067 | D:$      | Escaped with the Orb!

Illustrated notes

Levels and vault maps discovered:
D:1:      lightli_arrival_flooded_house, layout_loops_corners,
          ebering_ecumenical_altar_rust
D:2:      layout_rooms, uniq_natasha, uniq_terence
D:3:      layout_loops_corners, serial_bayou_crossing, uniq_crazy_yiuf_cottage
D:4:      layout_loops_ring, minmay_temple_entry_mist
D:5:      layout_loops_ring, okawaru_metal_pillars_3,
          nicolae_hepliaklqana_hazy_memory, amcnicky_altar_gilded,
          nicolae_underground_beach, uniq_prince_ribbit1, uniq_ijyb,
          uniq_duvessa, uniq_grinder
D:6:      layout_loops_corners, gammafunk_ghost_grave, serial_shops, shop,
          minmay_misc_feat_iff
D:7:      layout_basic, lemuel_coloured_pillars_altar, grunt_ashenzari_visionary
          [grunt_ashenzari_visionary_shoals, grunt_ashenzari_visionary_spider],
          serial_shops, nicolae_diamond_shop, shop, kennysheep_mini,
          nicolae_diamond_shop, enter_ossuary_3, nrook_campfire, minivault_27
D:8:      layout_loops_ring, nzn_wu_jian_contemplation,
          erik_lair_orcish_takeover, enter_bailey_7, corexii_checkpoint_b,
          dk_rats_in_the_wall
D:9:      layout_basic, lightli_fourway_metalbox
D:10:     layout_long_grid, zombieorc1_lemuel, serial_shops,
          kennysheep_little_box, serial_bayou_lake_a, uniq_snorg, uniq_sonja
D:11:     layout_loops_corners, serial_undead, serial_undead_b, serial_undead_e,
          serial_undead_c, serial_undead_e
D:12:     layout_cross, portal_ice_cave_demonic_guard, kennysheep_pointless_box,
          led_sif_book
D:13:     layout_stronghold, lightli_vaults_fourway_checkpoint, roderic_batcave,
          slow_altar_2
D:14:     hangedman_cross_stitches, layout_cave_pools, serial_glass,
          glass_columns_b, glass_columns_b, serial_shops,
          nicolae_shop_behind_doors, uniq_kirke, uniq_rupert
D:15:     hangedman_depths_entry_try_elsewhere_first, layout_stronghold,
          serial_bayou_pond_a, uniq_nessos
Temple:   eino_temple_rhombus
Lair:1:   layout_long_grid, grunt_megastairs_3, lemuel_fruit_fields,
          serial_bayou_shore_a
Lair:2:   layout_cave_pods
Lair:3:   layout_long_grid, minmay_shoals_entry_hut, minmay_holes,
          chequers_serial_rivers_micro_e, infiniplex_staircase_pool, uniq_urug
Lair:4:   layout_hall_layers, spider_nest_entry_funnel_web, st_stairs_6,
          minivault_24, grunt_megastairs_4
Lair:5:   layout_cave_shapes, ldierk_geyser, roderic_carrion_pond
Lair:6:   hellmonk_lair_end_abyssal_woods, layout_hall_layers,
          dpeg_slime_entry_enclosed_altar, special_room [special_room_jelly],
          grunt_forest_small_clearing_treed, lemuel_fruit_fields,
          serial_bayou_shore_b
Shoals:1: layout_shoals
Shoals:2: layout_shoals, nicolae_shoals_siren_and_animal_friends
Shoals:3: nicolae_shoals_mermall, layout_shoals, serial_shops,
          nicolae_square_shop, nicolae_shoals_lost_giant_pillars,
          nicolae_shoals_drake_roost, uniq_polyphemus
Shoals:4: shoals_end_grunt_ice, layout_shoals, lemuel_oklob_altar
Spider:1: layout_spider_delve
Spider:2: gammafunk_boulding_lane
Spider:3: layout_spider_delve
Spider:4: johnstein_spider_rune_arachne_lair
Slime:1:  layout_caves
Slime:2:  layout_caves
Slime:3:  layout_caves
Slime:4:  layout_caves, cheibrodos_slime_lost_civilization_6
Slime:5
Orc:1:    cheibrodos_orc_arena, layout_caves, serial_shops, shop, uniq_maurice,
          uniq_fannar
Orc:2:    st_orc_pillars, layout_diamond_mine, elves_outpost_lemuel
Elf:1:    layout_gridlike, minmay_elf_crystal_hexagon, nicolae_elf_w_pinch,
          lemuel_upstairs_altar
Elf:2:    elven_hall_of_blades_hangedman_original
          [nicolae_vaults_blade_armed_guards], layout_geoelf_octagon,
          serial_shops, shop, hex_large, nicolae_elf_crossing_hall
Elf:3:    grunt_elf_hall_branching, layout_loops_cross, serial_shops,
          bzr_in_the_mist, uniq_louise, uniq_bai_suzhen, uniq_mara
Vaults:1: vaults_room_semicircle, vaults_room_boxed, grunt_vaults_twisty,
          v_misc_3, nicolae_vaults_network_square, door_vault,
          vaults_mumra_chevron_long, nicolae_vaults_network_quincunx
          [nicolae_vaults_network_quincunx_subvault,
          nicolae_vaults_network_quincunx_subvault,
          nicolae_vaults_network_quincunx_subvault,
          nicolae_vaults_network_quincunx_subvault,
          nicolae_vaults_network_quincunx_subvault], v_pattern_2,
          ontoclasm_vaults_twist, ontoclasm_vaults_shuriken,
          layout_vaults_omnibox, serial_shops, shop
Vaults:2: hangedman_vaults_corner, ontoclasm_vaults_fault, v_misc_11, v_misc_9,
          nicolae_vaults_theta, hangedman_vaults_locks, ontoclasm_vaults_idyll,
          nicolae_vaults_little_squares_3, v_misc_27, ontoclasm_vaults_gateway,
          v_alt_pattern_1, v_misc_9, layout_vaults_omnicross
Vaults:3: biasface_ghost_orc_armoury, minmay_crypt_entry_simple_walls,
          vaults_room_corners, vaults_dpeg_encased_lava, v_misc_3,
          nicolae_vaults_ring_of_whatevers, hangedman_vaults_stretched_pinwheel,
          nicolae_vaults_display_case, ontoclasm_vaults_chip,
          ontoclasm_vaults_ligature, vaults_room_stairs_pillars,
          vaults_room_door_ring, layout_vaults_quadrants, serial_shops,
          nicolae_shop_trees, shop
Vaults:4: v_misc_4, hangedman_vaults_variations, hangedman_vaults_hat,
          nicolae_vaults_specimen_jars, vaults_room_hallway, st_lines,
          ontoclasm_vaults_hangar, nicolae_vaults_little_squares_1,
          ontoclasm_vaults_ring_square, nicolae_vaults_little_squares_6,
          v_alt_pattern_6, vaults_standard_mumra_x, nicolae_vaults_shelves_hall,
          hangedman_vaults_nails, layout_vaults_big_room, uniq_mennas
Vaults:5: serial_shops, uniq_margery
Crypt:1:  layout_chaotic_city, grunt_ministairs_7, uniq_frederick
Crypt:2:  layout_misc_corridors, basic_altar, minivault_14, st_stairs_8,
          grunt_megastairs_1, uniq_xtahua, uniq_jory
Crypt:3:  evilmike_haunted_forest
Depths:1: layout_gridville, enter_ziggurat_d, grunt_mini_vestibule,
          nicolae_abyss_entry_one_way_or_another,
          hellmonk_guarded_unrand_dark_maul
Depths:2: little_maze_vault, layout_cave_pools, hell_entry,
          wad_floor_pattern_untrapped, pan_entry, infiniplex_staircase_pool_2,
          serial_bayou_shore_b, minmay_shop_star
Depths:3: kennysheep_spiral_hall, layout_honeycomb, abyss_entry,
          pf_vacation_house_of_asmodeus, infiniplex_staircase_river
Depths:4: grunt_x_marks_the_spot, layout_cave_pools, abyss_entry, serial_glass,
          glass_columns_a, glass_columns_c, grunt_hell_entry_dis_grunt,
          serial_shops, shop, pan_entry, minmay_misc_feat_secret_circle,
          elyvilon_altar_1
Zot:1:    layout_gridlike, st_stairs_5, grunt_ministairs_1, grunt_megastairs_5
Zot:2:    layout_twisted_circle
Zot:3:    gammafunk_mikee_crab_dinner, layout_onion
Zot:4:    layout_cathedral_of_symmetry, lemuel_flame_loot_1
Zot:5:    layout_misc_corridors, nicolae_lava_and_water

Skill      XL: |  1  2  3  4  5  6  7  8  9 10 11 12 13 14 15 16 17 18 19 20 21 22 23 24 25 26 27 |
---------------+----------------------------------------------------------------------------------+-----
Stealth        | 2 3 |  3.0
Fighting       | 1 2 3 4 6 7 9 10 11 12 13 15 18 | 18.0
Ice Magic      | 4 5 6 |  6.3
Spellcasting   | 3 4 5 8 9 10 11 12 13 14 15 | 15.4
Conjurations   | 4 6 8 9 10 11 12 13 16 | 16.0
Fire Magic     | 2 5 7 8 9 11 | 11.5
Armour         | 1 3 |  3.2
Air Magic      | 3 9 13 14 | 14.0
Poison Magic   | 3 |  3.0
Dodging        | 3 |  3.5
Necromancy     | 1 9 12 | 12.0
Earth Magic    | 1 7 10 11 13 | 13.0
Transmutations | 4 11 13 | 13.0
Shields        | 5 10 11 | 11.2
Unarmed Combat | 1 7 14 18 20 23 24 | 24.8
Translocations | 9 |  9.0

Action                   |  1- 3 |  4- 6 |  7- 9 | 10-12 | 13-15 | 16-18 | 19-21 | 22-24 | 25-27 || total
-------------------------+-------+-------+-------+-------+-------+-------+-------+-------+-------++-------
Melee: Unarmed           |     5 |       |       |       |     2 |       |       |   462 |   764 ||  1233
       Dagger            |     5 |       |       |       |       |     1 |     7 |       |       ||    13
       Spear             |       |    45 |   181 |    37 |    36 |       |       |       |       ||   299
       Punch             |       |       |     2 |     3 |       |       |       |       |       ||     5
       Staff             |       |       |       |    17 |    24 |     8 |       |     2 |     1 ||    52
       Great mace        |       |       |       |       |       |     4 |       |       |       ||     4
Throw: Stone             |       |       |     6 |       |       |       |       |       |       ||     6
 Cast: Freeze            |    59 |    55 |    61 |    42 |    23 |     1 |       |       |       ||   241
       Frozen Ramparts   |       |    11 |    56 |    27 |    10 |     6 |       |       |       ||   110
       Ozocubu's Armour  |       |     9 |    49 |    25 |    49 |    35 |     7 |     3 |       ||   177
       Hailstorm         |       |       |    50 |    36 |    12 |    15 |       |       |       ||   113
       Fireball          |       |       |       |   211 |   443 |   252 |     1 |       |       ||   907
       Mephitic Cloud    |       |       |       |     3 |     5 |    13 |       |       |       ||    21
       Sticky Flame      |       |       |       |    18 |    47 |    23 |       |       |       ||    88
       Iskenderun's Batt |       |       |       |       |    75 |    71 |     1 |       |       ||   147
       Borgnjor's Vile C |       |       |       |       |    13 |    55 |    89 |    26 |       ||   183
       Conjure Ball Ligh |       |       |       |       |       |   288 |   379 |   272 |    62 ||  1001
       Statue Form       |       |       |       |       |       |     1 |    45 |    43 |    89 ||   178
       Iron Shot         |       |       |       |       |       |       |   141 |    66 |    20 ||   227
       Sublimation of Bl |       |       |       |       |       |       |     9 |     1 |       ||    10
       Irradiate         |       |       |       |       |       |       |     1 |    14 |     6 ||    21
       Manifold Assault  |       |       |       |       |       |       |       |   119 |   324 ||   443
       Orb of Destructio |       |       |       |       |       |       |       |       |    31 ||    31
 Abil: End Transformatio |       |       |       |       |       |     1 |     8 |     9 |     8 ||    26
Evoke: Wand              |       |       |     8 |     4 |       |     9 |     1 |     6 |     2 ||    30
       Phantom mirror    |       |       |       |       |       |     1 |     1 |     1 |       ||     3
       Box of beasts     |       |       |       |       |       |     1 |     1 |       |       ||     2
       Phial of floods   |       |       |       |       |       |       |     1 |       |     1 ||     2
       Condenser vane    |       |       |       |       |       |       |       |     1 |     1 ||     2
  Use: Potion            |       |     1 |       |     2 |     2 |     5 |     1 |     9 |    16 ||    36
       Scroll            |       |       |     2 |     7 |    10 |    19 |    12 |     7 |    15 ||    72
 Stab: Sleeping          |     2 |     5 |       |       |       |       |       |       |       ||     7
       Distracted        |       |     1 |       |       |       |       |       |     1 |     1 ||     3
       Confused          |       |       |       |       |       |       |       |       |     2 ||     2
Armor: Robe              |    14 |    21 |    99 |     7 |       |    15 |    22 |    36 |     8 ||   222
       Steam dragon scal |       |       |       |    23 |       |       |       |       |       ||    23
       Troll leather arm |       |       |       |    49 |   227 |   374 |       |       |       ||   650
       Skin              |       |       |       |       |       |       |   129 |   228 |   161 ||   518
Dodge: Dodged            |    33 |    40 |   177 |    91 |   165 |   342 |   131 |   209 |   125 ||  1313
Block: Other             |       |       |       |    18 |    86 |    62 |       |       |       ||   166
       Reflection        |       |       |       |       |    15 |     6 |       |       |       ||    21
       Buckler           |       |       |       |       |       |       |    23 |    20 |       ||    43
       Kite shield       |       |       |       |       |       |       |       |   186 |   176 ||   362
